 Dungeon Crawl Stone Soup version 0.25.0-9-g26727b657a (webtiles) character file.

Game seed: 17752184169915858692

56 MisterFreud the Sneak (level 3, 0/28 HPs)
             Began as a Gnoll Wanderer on June 16, 2020.
             Killed by divine providence
             ... invoked by an orc priest
              (12 damage)
             ... on level 3 of the Dungeon.
             The game lasted 00:02:42 (1853 turns).

MisterFreud the Sneak (Gnoll Wanderer)              Turns: 1853, Time: 00:02:43

Health: 0/28       AC:  8    Str: 14    XL:     3   Next: 97%
Magic:  7/7        EV:  7    Int: 14    God:
Gold:   56         SH:  0    Dex: 15    Spells: 6/7 levels left

rFire    . . .     SeeInvis .   a - +0 dagger
rCold    . . .     Gourm    .   (no shield)
rNeg     . . .     Faith    .   e - +0 chain mail
rPois    .         Spirit   .   (no helmet)
rElec    .         Reflect  .   (no cloak)
rCorr    .         Harm     .   (no gloves)
MR       .....                  (no boots)
Stlth    ..........             (no amulet)
HPRegen  0.09/turn              (no ring)
MPRegen  0.10/turn              (no ring)

@: no status effects
A: distributed training, fangs 1, strong nose
a: no special abilities


You were on level 3 of the Dungeon.
You were not hungry.

You visited 1 branch of the dungeon, and saw 3 of its levels.

You collected 56 gold pieces.

Inventory:

Hand Weapons
 a - a +0 dagger (weapon)
Missiles
 o - 11 poisoned darts (quivered)
Armour
 c - a +0 robe
 e - a +0 chain mail (worn)
Scrolls
 i - a scroll of enchant armour {unknown}
 j - 2 scrolls of identify {unknown}
 k - a scroll of blinking {unknown}
 l - a scroll of random uselessness {unknown}
 m - a scroll of teleportation {unknown}
 n - a scroll of remove curse {unknown}
Potions
 b - a potion of curing
 d - a potion of brilliance {unknown}
 h - a potion of heal wounds {unknown}
 p - a potion of haste {unknown}
Comestibles
 f - 3 rations
 g - a chunk of flesh


   Skills:
 + Level 2.6 Fighting
 + Level 1.0 Short Blades
 + Level 1.0 Long Blades
 + Level 1.0 Axes
 + Level 1.0 Maces & Flails
 + Level 1.0 Polearms
 + Level 1.0 Staves
 + Level 1.0 Slings
 + Level 1.0 Bows
 + Level 1.0 Crossbows
 + Level 2.6 Throwing
 + Level 1.0 Armour
 + Level 2.6 Dodging
 + Level 6.0 Stealth
 + Level 1.0 Shields
 + Level 2.6 Unarmed Combat
 + Level 2.9 Spellcasting
 + Level 0.7 Conjurations
 + Level 0.7 Hexes
 + Level 0.7 Charms
 + Level 0.7 Summonings
 + Level 0.7 Necromancy
 + Level 0.7 Translocations
 + Level 2.1 Transmutations
 + Level 0.7 Fire Magic
 + Level 0.7 Ice Magic
 + Level 0.7 Air Magic
 + Level 0.7 Earth Magic
 + Level 2.1 Poison Magic
 + Level 1.0 Invocations
 + Level 1.0 Evocations


You had 6 spell levels left.
You knew the following spells:

 Your Spells              Type           Power        Failure   Level  Hunger
a - Sting                 Tmut/Pois      #...         95%         1    #......

Your spell library contained the following spells:

 Spells                   Type           Power        Failure   Level  Hunger
 Poisonous Vapours        Pois/Air       #.....       99%         2    ##.....
 Ignite Poison            Fire/Tmut/Pois #.......     100%        3    ###....
 Mephitic Cloud           Conj/Pois/Air  #.......     100%        3    ###....
 Olgreb's Toxic Radiance  Pois           #.......     100%        4    #####..


Dungeon Overview and Level Annotations

Branches:
Dungeon (3/15)

Altars:


Innate Abilities, Weirdness & Mutations

Your experience applies equally to all skills.
You have very sharp teeth.
Your uncanny sense of smell can sniff out nearby items.


Message History

The kobold throws a stone.
The stone hits you but does no damage.
An orc comes into view.
An orc wizard comes into view. It is wielding a +0 dagger.
The kobold throws a stone.
The stone completely misses you.
The orc falls through a shaft!
The shaft crumbles and collapses.
The orc priest hits you but does no damage.
You climb downwards.
There is a stone staircase leading up here.
You hit the orc priest. Your bite misses the orc priest.
The orc priest is lightly wounded.
The orc priest mumbles some strange prayers to Beogh against you.
Pain shoots through your body!
You closely miss the orc priest.
The orc priest is lightly wounded.
The orc priest closely misses you.
You hit the orc priest but do no damage.
The orc priest is lightly wounded.
The orc priest invokes the aid of Beogh against you.
Beogh smites you!
You die...

######.....#.#####)# #.#
#..##.#.#####.###.######
#.....#..................
##
#..##.#.###.############.
<# #.......# #.##≈≈≈≈≈
.#####.###.#####.##≈..♣
.....).# .#......#≈.♣
######## .#.####.'.♣.♣
.#.#.o@##≈.♣.♣
.#.....##≈..♣..
.########≈≈≈≈≈≈≈ ..
#########


You could see an orc priest.

Vanquished Creatures
  2 adders (D:3)
  An ooze (D:1)
  A dart slug (D:1)
  2 bats (D:1)
  A giant cockroach (D:1)
  5 goblins
  5 hobgoblins
  4 jackals
  3 kobolds
  A ball python (D:1)
  3 frilled lizards (D:1)
  4 rats
32 creatures vanquished.

Notes
Turn   | Place    | Note
-------+----------+-------------------------------------------
     0 | D:1      | MisterFreud the Gnoll Wanderer began the quest for the Orb.
     0 | D:1      | MisterFreud set off with the following items: a +0 dagger,
                  | 2 potions of curing, a +0 robe, a ration; and the following
                  | spell memorised: Sting; and the following spells available
                  | to memorise: Poisonous Vapours, Ignite Poison, Mephitic
                  | Cloud, Olgreb's Toxic Radiance
     0 | D:1      | Reached XP level 1. HP: 17/17 MP: 4/4
   290 | D:1      | Reached XP level 2. HP: 16/23 MP: 5/5
   915 | D:1      | Reached XP level 3. HP: 28/28 MP: 7/7
  1403 | D:2      | Reached skill level 6 in Stealth
  1434 | D:3      | Reached skill level 1 in Invocations
  1651 | D:3      | Reached skill level 1 in Short Blades
  1651 | D:3      | Reached skill level 1 in Long Blades
  1651 | D:3      | Reached skill level 1 in Axes
  1651 | D:3      | Reached skill level 1 in Maces & Flails
  1651 | D:3      | Reached skill level 1 in Polearms
  1651 | D:3      | Reached skill level 1 in Staves
  1651 | D:3      | Reached skill level 1 in Slings
  1651 | D:3      | Reached skill level 1 in Bows
  1651 | D:3      | Reached skill level 1 in Crossbows
  1651 | D:3      | Reached skill level 1 in Armour
  1651 | D:3      | Reached skill level 1 in Shields
  1651 | D:3      | Reached skill level 1 in Evocations
  1853 | D:3      | Killed from afar by an orc priest

Illustrated notes

Levels and vault maps discovered:
D:1:      psy_arrival_spokes, layout_basic
D:2:      layout_basic, chequers_ecumenical_altar_simple
D:3:      layout_basic, kennysheep_generic_room_10

Skill      XL: |  1  2  3 |
---------------+----------+-----
Transmutations | 2 |  2.1
Poison Magic   | 2 |  2.1
Stealth        | 6 |  6.0
Invocations    | 1 |  1.0
Short Blades   | 1 |  1.0
Long Blades    | 1 |  1.0
Axes           | 1 |  1.0
Maces & Flails | 1 |  1.0
Polearms       | 1 |  1.0
Staves         | 1 |  1.0
Slings         | 1 |  1.0
Bows           | 1 |  1.0
Crossbows      | 1 |  1.0
Armour         | 1 |  1.0
Shields        | 1 |  1.0
Evocations     | 1 |  1.0
Fighting       | |  2.6
Throwing       | |  2.6
Dodging        | |  2.6
Unarmed Combat | |  2.6
Spellcasting   | |  2.9
Conjurations   | |  0.7
Hexes          | |  0.7
Charms         | |  0.7
Summonings     | |  0.7
Necromancy     | |  0.7
Translocations | |  0.7
Fire Magic     | |  0.7
Ice Magic      | |  0.7
Air Magic      | |  0.7
Earth Magic    | |  0.7

Action                   || total
-------------------------++-------
Melee: Dagger            ||   193
       Bite              ||    20
       Punch             ||     1
  Use: Potion            ||     1
 Stab: Sleeping          ||     1
  Eat: Chunk             ||     3
Armor: Chain mail        ||   101
       Robe              ||     4
Dodge: Dodged            ||    88
